 Dungeon Crawl Stone Soup version 0.18-a0-1027-g814d7dd (webtiles) character file.

190 Duffy the Skirmisher (level 5, 0/46 HPs)
             Began as a Minotaur Assassin on Jan 7, 2016.
             Succumbed to Sigmund's poison
             ... on level 2 of the Dungeon.
             The game lasted 00:01:12 (1142 turns).

Duffy the Skirmisher (Minotaur Assassin)            Turns: 1142, Time: 00:01:12

Health: 0/46       AC:  6    Str: 15    XL:     5   Next: 41%
Magic:  4/4        EV: 13    Int:  9    God:
Gold:   39         SH:  0    Dex: 12    Spells: 0 memorised, 4 levels left

rFire  . . .     SeeInvis .     o - +1 short sword (venom)
rCold  . . .     Gourm    .     c - +0 robe
rNeg   . . .     Faith    .     (no shield)
rPois  .         Spirit   .     (helmet restricted)
rElec  .         Dismiss  .     d - +0 cloak
rCorr  .         Reflect  .     r - +2 pair of gloves
SustAt .         Harm     .     (no boots)
MR     .....                    (no amulet)
Stlth  ++........               (no ring)
                                (no ring)

@: lethally poisoned (0 -> -28), hasted, very quick, not resistant to hostile
enchantments, unstealthy
A: retaliatory headbutt, horns 2
a: no special abilities


You were on level 2 of the Dungeon.
You were not hungry.

You visited 1 branch of the dungeon, and saw 2 of its levels.

You collected 39 gold pieces.


Innate Abilities, Weirdness & Mutations

You reflexively headbutt those who attack you in melee.
You have a pair of horns on your head.


   Skills:
 + Level 4.2 Fighting
 - Level 2.8 Short Blades
 - Level 2.0 Throwing
 + Level 3.1 Armour
 + Level 3.2 Dodging
 - Level 3.2 Stealth


You had 4 spell levels left.
You didn't know any spells.

Inventory:

Hand Weapons
 b - a +0 blowgun
 o - a +1 short sword of venom (weapon)
Missiles
 e - 8 poisoned needles
 f - 2 curare-tipped needles
Armour
 c - a +0 robe (worn)
 d - a +0 cloak (worn)
 r - a +2 pair of gloves (worn)
Scrolls
 a - a scroll of random uselessness {unknown}
 h - a scroll of magic mapping {unknown}
 i - a scroll of identify {unknown}
 n - a scroll of fog {unknown}
 p - 3 scrolls of remove curse {unknown}
Potions
 j - a potion of haste
 k - a potion of curing {unknown}
 l - a potion of might {unknown}
 m - a potion of invisibility {unknown}
 q - a potion of brilliance {unknown}
Comestibles
 g - 2 bread rations

Dungeon Overview and Level Annotations

Branches:
Dungeon (2/15)

Altars:


Message History

You are lethally poisoned!
You barely miss Sigmund. Your headbutt misses Sigmund.
You feel sick.
You hit Sigmund.
Sigmund is poisoned.
Sigmund is lightly wounded.
You feel sick. Sigmund closely misses you.
You hit Sigmund.
Sigmund looks even sicker.
Sigmund is moderately wounded.
You feel sick.
Sigmund hits you with a scythe of venom.
You are more poisoned.
You closely miss Sigmund.
Sigmund is moderately wounded.
You feel less confused.
You feel very sick.
You hit Sigmund.
Sigmund is severely wounded.
You feel sick.
Sigmund hits you with a scythe of venom.
You are more poisoned.
You barely miss Sigmund.
Sigmund is almost dead.
You feel very sick.
You hit Sigmund.
You kill Sigmund!
Your Fighting skill increases to level 4!
Your Armour skill gained 2 levels and is now at level 3!
Your Dodging skill gained 2 levels and is now at level 3!
You have reached level 4!
You feel agile.
You have reached level 5!
You feel very sick.
There is a lethal amount of poison in your body!
Drink which item? (? for menu, Esc to quit)
It was a potion of haste.
You feel yourself speed up.
You die...

#.# # #.# # #.# # ###
#.# # # #.. #.# # #. #.#
#.# # #.. #.# #.# #
#.###)##.# #.# #
#>...@##.# #.# #
##$...##.# #.# #
#!...##.# #.# #
####.##.##.# #<# #
..........>#############
..................).....
......%..........#######
#####.##.#######.# #.
#.# #.#


There were no monsters in sight!

Action                   |  1- 3 |  4- 6 || total
-------------------------+-------+-------++-------
Melee: Dagger            |     6 |       ||     6
       Short sword       |    33 |       ||    33
  Use: Potion            |       |     1 ||     1
 Stab: Sleeping          |     3 |       ||     3
  Eat: Chunk             |     1 |       ||     1

Notes
Turn   | Place    | Note
--------------------------------------------------------------
     0 | D:1      | Duffy the Minotaur Assassin began the quest for the Orb.
     0 | D:1      | Reached XP level 1. HP: 18/18 MP: 0/0
   322 | D:1      | Reached XP level 2. HP: 16/25 MP: 1/1
  1058 | D:2      | Reached skill level 3 in Fighting
  1127 | D:2      | Reached skill level 1 in Armour
  1127 | D:2      | Reached XP level 3. HP: 31/31 MP: 2/2
  1128 | D:2      | Noticed Sigmund
  1141 | D:2      | Killed Sigmund
  1141 | D:2      | Reached skill level 4 in Fighting
  1141 | D:2      | Reached skill level 3 in Armour
  1141 | D:2      | Reached skill level 3 in Dodging
  1141 | D:2      | Reached XP level 4. HP: 4/40 MP: 3/3
  1141 | D:2      | Reached XP level 5. HP: 4/46 MP: 4/4
  1142 | D:2      | Succumbed to Sigmund's poison

Vault maps used:
D:1:      co_arrival_square_in_a_square_in_a_square
D:2:      uniq_crazy_yiuf_cottage, uniq_sigmund

Vanquished Creatures
  Sigmund
  An adder
  A giant cockroach
  2 goblins
  2 hobgoblins
  4 jackals
  4 bats
  2 giant newts
  3 kobolds
  4 rats
24 creatures vanquished.
